[Event "Team 45 45 League T64"]
[Site "Internet Chess Club"]
[Date "2015.03.28"]
[Round "4"]
[White "sharky123"]
[Black "ForkNPin"]
[Result "1-0"]
[WhiteElo "1851"]
[BlackElo "1765"]
[Opening "Four knights: Scotch, 4...exd4"]
[ECO "C47"]
[Time "05:05:56"]
[TimeControl "2700+45"]

1. e4 e5 2. Nf3 Nc6 3. Nc3 Nf6 4. d4 exd4 5. Nxd4 Bb4 6. Nxc6 bxc6 7. Bd3 d5 8.
exd5 cxd5 9. O-O h6 10. a3 Bd6 11. Bb5+ Bd7 12. Bxd7+ Qxd7 13. Re1+ Kf8 14. Be3
Re8 15. Bd4 c5 16. Bxf6 gxf6 17. Rxe8+ Qxe8 18. Qxd5 Qe7 19. Ne4 Be5 20. c3 Kg7
21. Re1 Re8 22. Ng3 Qc7 23. Qe4 Rd8 24. Nf5+ Kh8 25. Nxh6 Bxh2+ 26. Kh1 Qf4 27.
Qxf4 Bxf4 28. Nxf7+ Kg7 29. Nxd8 {Black resigns} 1-0

[Event "Team 45 45 League T64"]
[Site "Internet Chess Club"]
[Date "2015.03.27"]
[Round "4"]
[White "KnightOfLight"]
[Black "Holzschlange"]
[Result "0-1"]
[WhiteElo "1776"]
[BlackElo "1825"]
[Opening "Richter-Veresov attack"]
[ECO "D01"]
[Time "09:03:49"]
[TimeControl "2700+45"]

1. d4 d5 2. Nc3 Nf6 3. Bg5 Nbd7 4. f3 h6 5. Bh4 c6 6. Qd2 e5 7. dxe5 Nxe5 8. e4
Nxe4 9. Bxd8 Nxd2 10. Bc7 Ndc4 11. O-O-O Kd7 12. Bxc4 Kxc7 13. Bb3 Bf5 14. Nge2
Bd6 15. Nd4 Bd7 16. a4 Rad8 17. Nce2 Rhe8 18. Ng3 g6 19. Rhf1 a6 20. c3 c5 21.
Nde2 c4 22. Bc2 Bc6 23. h3 Nd7 24. f4 Nc5 25. f5 Nxa4 26. Nf4 Nb6 27. fxg6 fxg6
28. Bxg6 Re3 29. Ngh5 Rg8 30. Bf7 Rh8 31. Ne6+ Kb8 32. Nhg7 Re2 33. g4 Na4 34.
Nf5 Bc7 35. Rd2 Rxd2 36. Kxd2 Nxb2 37. h4 Nd3 38. Nxc7 Kxc7 39. g5 hxg5 40. hxg5
Ne5 41. Nh6 d4 42. cxd4 Nf3+ 43. Rxf3 Bxf3 44. Nf5 Be4 45. Ne3 Rh2+ 46. Ke1 c3
47. g6 c2 48. Nxc2 Bxc2 49. g7 Bh7 50. g8=Q Bxg8 51. Bxg8 b5 52. Kd1 b4 53. Kc1
a5 54. Kb1 Rd2 55. d5 Kd6 {White resigns} 0-1

[Event "Team 45 45 League T64"]
[Site "Internet Chess Club"]
[Date "2015.03.30"]
[Round "4"]
[White "Warpdrive"]
[Black "Lrn2Mate"]
[Result "1/2-1/2"]
[WhiteElo "1619"]
[BlackElo "1628"]
[Opening "Scandinavian (center counter) defense"]
[ECO "B01"]
[Time "21:10:54"]
[TimeControl "2700+45"]

1. e4 d5 2. exd5 Qxd5 3. Nc3 Qd8 4. d4 Nf6 5. h3 c5 6. Bb5+ Bd7 7. dxc5 e6 8.
Bxd7+ Nbxd7 9. Nf3 Bxc5 10. O-O O-O 11. Re1 Qb6 12. Qe2 Rad8 13. Na4 Qc6 14.
Nxc5 Nxc5 15. Bg5 Nce4 16. Bxf6 Nxf6 17. Rad1 Qb6 18. c4 h6 19. b3 Rxd1 20. Rxd1
Rd8 21. Rxd8+ Qxd8 22. Kf1 {Game drawn by mutual agreement} 1/2-1/2

[Event "Team 45 45 League T64"]
[Site "Internet Chess Club"]
[Date "2015.03.26"]
[Round "4"]
[White "craftsman49868"]
[Black "tryanything"]
[Result "1-0"]
[WhiteElo "1673"]
[BlackElo "1553"]
[Opening "Ruy Lopez: exchange variation, 5.O-O"]
[ECO "C68"]
[Time "05:00:14"]
[TimeControl "2700+45"]

1. e4 e5 2. Nf3 Nc6 3. Bb5 a6 4. Bxc6 dxc6 5. O-O Bd6 6. d4 f6 7. dxe5 fxe5 8.
Nxe5 Nf6 9. Nd3 O-O 10. e5 Ng4 11. exd6 Qxd6 12. g3 Bf5 13. Bf4 Qd4 14. Nc3 Bxd3
15. cxd3 Rxf4 16. Ne2 Qxb2 17. Nxf4 Nf6 18. Qb3+ Qxb3 19. axb3 Re8 20. Rfe1
{Black resigns} 1-0

[Event "Team 45 45 League T64"]
[Site "Internet Chess Club"]
[Date "2015.03.31"]
[Round "4"]
[White "lilith"]
[Black "mongmong"]
[Result "1-0"]
[WhiteElo "1679"]
[BlackElo "1511"]
[Opening "Queen's pawn"]
[ECO "A40"]
[Time "21:12:38"]
[TimeControl "2700+45"]

1. d4 e6 2. Nf3 Nf6 3. Nbd2 c5 4. c3 cxd4 5. cxd4 d5 6. e3 Nc6 7. Bb5 Bd7 8. O-O
a6 9. Ba4 Bd6 10. Re1 O-O 11. e4 dxe4 12. Nxe4 Nxe4 13. Rxe4 Nb4 14. Ne5 Bxa4
15. Qxa4 b5 16. Qd1 Re8 17. a3 Nd5 18. Qf3 Bxe5 19. Rxe5 Qd7 20. Qg3 Ne7 21. Be3
Nf5 22. Qf4 Nxe3 23. fxe3 Rec8 24. Qe4 Qc6 25. Qd3 Qc2 26. Qxc2 Rxc2 27. b4 Rac8
28. Rc5 R8xc5 29. dxc5 Kf8 30. Rd1 Ke7 31. Rd3 Rc1+ 32. Kf2 Rc2+ 33. Kf3 f6 34.
Rd6 a5 35. Rb6 Ra2 36. Rxb5 a4 37. Rb7+ Kf8 38. c6 Rxa3 39. c7 {Black resigns}
1-0

[Event "Team 45 45 League T64"]
[Site "Internet Chess Club"]
[Date "2015.03.28"]
[Round "4"]
[White "QuimCatala"]
[Black "ShadowKing"]
[Result "0-1"]
[WhiteElo "1488"]
[BlackElo "1390"]
[Opening "Ruy Lopez: Cozio defense"]
[ECO "C60"]
[Time "20:00:33"]
[TimeControl "2700+45"]

1. e4 e5 2. Nf3 Nc6 3. Bb5 Nge7 4. c3 g6 5. O-O Bg7 6. Qe2 O-O 7. Rd1 Re8 8. d3
a6 9. Ba4 b5 10. Bc2 d6 11. h3 d5 12. Bg5 Bb7 13. Nbd2 f6 14. Be3 d4 15. cxd4
Nxd4 16. Nxd4 exd4 17. Bf4 c5 18. Nf3 Rc8 19. e5 Nd5 20. Bb3 c4 21. dxc4 Nxf4
22. cxb5+ Bd5 23. Qd2 Bxb3 24. axb3 fxe5 25. bxa6 Ra8 26. b4 Qb6 27. Qc2 Qxb4
28. Ra4 Qb5 29. Rda1 Rec8 30. Qe4 Qc6 31. Qe1 Nd3 32. Qd2 Qc2 33. Qa5 Qxf2+ 34.
Kh2 Nf4 35. Rg1 d3 36. Rxf4 exf4 37. Qd5+ Kh8 38. Ng5 Qc2 39. Nf7+ Kg8 40. Ne5+
Kh8 41. Nxd3 Rd8 42. Nb4 Rxd5 43. Nxc2 Rd2 44. Nb4 Rxb2 45. Nc6 Rxa6 46. Ne7 Be5
47. Re1 Bd6 48. Nc8 f3+ 49. Nxd6 Rxd6 50. Re8+ Kg7 51. Re7+ Kh6 52. Kg3 fxg2 53.
Re1 Rdd2 54. h4 Rf2 55. Rg1 Rf1 56. Rxg2 Rxg2+ 57. Kxg2 Ra1 58. Kg3 Ra4 59. Kh3
Kh5 60. Kg3 Rxh4 61. Kg2 g5 62. Kg3 g4 63. Kg2 Rh3 64. Kg1 g3 65. Kg2 Kg4 66.
Kg1 Kf3 67. Kf1 Rh1# {White checkmated} 0-1

[Event "Team 45 45 League T64"]
[Site "Internet Chess Club"]
[Date "2015.03.28"]
[Round "4"]
[White "anishio"]
[Black "clarinetref"]
[Result "1-0"]
[WhiteElo "1651"]
[BlackElo "1571"]
[Opening "Robatsch defense: two knights, Suttles variation"]
[ECO "B06"]
[Time "20:05:23"]
[TimeControl "2700+45"]

1. e4 g6 2. d4 d6 3. Nc3 Bg7 4. Nf3 c6 5. Bc4 e6 6. O-O d5 7. exd5 cxd5 8. Bb5+
Bd7 9. Bxd7+ Nxd7 10. Bf4 a6 11. Re1 Ngf6 12. Qd2 O-O 13. Bh6 b5 14. Bxg7 Kxg7
15. a3 Nb6 16. b3 Qc7 17. Ne5 Rac8 18. Re3 Nbd7 19. Nxd7 Qxd7 20. Rh3 h5 21. Ne2
Ne4 22. Qd3 Qc7 23. Rc1 Qe7 24. b4 Rh8 25. c3 Qf6 26. Qf3 Qxf3 27. Rxf3 Nd2 28.
Rd3 Nc4 29. Ra1 Rc6 30. h3 Rhc8 31. Rg3 Ne3 32. Rxe3 {Black resigns} 1-0

[Event "Team 45 45 League T64"]
[Site "Internet Chess Club"]
[Date "2015.03.29"]
[Round "4"]
[White "PostMike"]
[Black "FosterChess"]
[Result "1-0"]
[WhiteElo "1493"]
[BlackElo "1484"]
[Opening "Giuoco Piano"]
[ECO "C53"]
[Time "14:32:18"]
[TimeControl "2700+45"]

1. e4 e5 2. Nf3 Nc6 3. Bc4 Bc5 4. c3 d6 5. d4 Bb6 6. dxe5 dxe5 7. Qxd8+ Kxd8 8.
Bxf7 Nf6 9. Nbd2 Bg4 10. h3 Bxf3 11. gxf3 Rf8 12. Bc4 Ke7 13. Be2 Rad8 14. Nc4
Nxe4 15. Nxb6 axb6 16. fxe4 Rf7 17. Bg5+ Ke8 18. Bxd8 Kxd8 19. O-O-O+ Ke7 20.
Bg4 Na7 21. Rd7+ Ke8 22. Rxf7 Kxf7 23. Rd1 {Black resigns} 1-0

[Event "Team 45 45 League T64"]
[Site "Internet Chess Club"]
[Date "2015.03.29"]
[Round "4"]
[White "medsurg"]
[Black "almond123"]
[Result "1-0"]
[WhiteElo "1417"]
[BlackElo "1519"]
[Opening "Grünfeld with e3 & Bd3"]
[ECO "D94"]
[Time "21:04:12"]
[TimeControl "2700+45"]

1. Nf3 Nf6 2. c4 g6 3. Nc3 d5 4. d4 Bg7 5. e3 O-O 6. Bd3 dxc4 7. Bxc4 Bf5 8. Qb3
b6 9. O-O Nc6 10. Qd1 Na5 11. Bd3 Bxd3 12. Qxd3 Qd7 13. b3 Rfd8 14. Qe2 Nd5 15.
Nxd5 Qxd5 16. Bb2 Qe6 17. Rfd1 c5 18. Rac1 cxd4 19. Bxd4 Bxd4 20. Nxd4 Qe5 21.
b4 Nb7 22. Qa6 Qd5 23. Qe2 Qe4 24. f3 Qe5 25. Rd2 Rac8 26. Nc6 Rxd2 27. Qxd2 Qc7
28. Nxe7+ Qxe7 29. Rxc8+ Kg7 30. Qd4+ Kh6 31. Qf4+ g5 32. Rc6+ Kg7 33. Qd4+ f6
34. f4 gxf4 35. Qxf4 Kg6 36. Rc7 Qd6 37. Qg4+ Kh6 38. Qg7+ Kh5 39. Qxh7+ {Black
resigns} 1-0

[Event "Team 45 45 League T64"]
[Site "Internet Chess Club"]
[Date "2015.03.29"]
[Round "4"]
[White "Chess4Him"]
[Black "moodle"]
[Result "0-1"]
[WhiteElo "1537"]
[BlackElo "1679"]
[Opening "Queen's pawn, Mason variation"]
[ECO "D00"]
[Time "18:49:57"]
[TimeControl "2700+45"]

1. d4 d5 2. Bf4 Nf6 3. e3 c5 4. c3 Nc6 5. Nf3 Qb6 6. Qb3 c4 7. Qc2 Bf5 8. Qc1 e6
9. Nbd2 h6 10. h3 Be7 11. Be2 O-O 12. O-O Qd8 13. b3 b5 14. a4 a6 15. Bh2 Ne4
16. Nxe4 Bxe4 17. Nd2 Bf5 18. b4 Bd6 19. Nf3 Qe7 20. Qb2 Bxh2+ 21. Kxh2 Qd6+ 22.
Kh1 f6 23. axb5 axb5 24. Rxa8 Rxa8 25. Ra1 Qb8 26. Nh4 Be4 27. Bg4 Kf7 28. Bf3
Bd3 29. g3 g5 30. Bh5+ Kg7 31. Ng2 Ne7 32. Ne1 Be4+ 33. Bf3 Bf5 34. Bg4 Bxg4 35.
hxg4 f5 36. gxf5 Nxf5 37. Kg2 g4 38. Kh2 h5 39. Rxa8 Qxa8 40. Qe2 Qb8 41. Ng2 e5
42. f4 exf4 43. Nxf4 Kh6 44. Qf2 h4 45. Nh5 hxg3+ 46. Nxg3 Qxg3+ 47. Qxg3 Nxg3
48. Kxg3 Kg5 49. Kf2 Kf5 50. Kg3 Ke4 51. Kxg4 Kxe3 52. Kf5 Kd3 53. Ke5 Kxc3 54.
Kxd5 Kxb4 {White resigns} 0-1

[Event "Team 45 45 League T64"]
[Site "Internet Chess Club"]
[Date "2015.03.27"]
[Round "4"]
[White "Elton2013"]
[Black "pokerram"]
[Result "1/2-1/2"]
[WhiteElo "1600"]
[BlackElo "1749"]
[Opening "King's Indian: Petrosian system, Stein variation"]
[ECO "E92"]
[Time "08:00:08"]
[TimeControl "2700+45"]

1. d4 Nf6 2. c4 g6 3. Nc3 Bg7 4. e4 d6 5. Nf3 O-O 6. Be2 e5 7. d5 a5 8. O-O Na6
9. a3 Nc5 10. Be3 Ncxe4 11. Qc2 Nxc3 12. Qxc3 Ng4 13. Qd2 Nxe3 14. Qxe3 a4 15.
Nd2 f5 16. f3 b6 17. Rae1 Bd7 18. Nb1 Qe8 19. Nc3 Rb8 20. Kh1 Qd8 21. Na2 f4 22.
Qd2 Qh4 23. Bd3 g5 24. Qf2 Qh5 25. Nc3 Rf6 26. Ne4 Rh6 27. g4 fxg3 28. Qxg3 Rf8
29. Nxg5 Kh8 30. Rg1 Qh4 31. Nxh7 Qxg3 32. Rxg3 Rxh7 33. Bxh7 Kxh7 34. Reg1 Bh6
35. Kg2 c6 36. Kf2 e4 37. Ke2 exf3+ 38. Rxf3 Rxf3 39. Kxf3 cxd5 40. cxd5 Bg7 41.
Rg2 Bc8 42. h4 Bb7 43. Ke4 Kh6 44. Kf5 Bc8+ 45. Ke4 Bh3 46. Rg3 Bc8 47. b3 Be5
48. Rf3 b5 49. bxa4 bxa4 50. Rf8 Bg4 51. Ra8 Bd1 52. Rb8 Kh5 53. Rb1 Bb3 54. Kd3
Bxd5 55. Rb5 Bb3 56. Rxe5+ dxe5 57. Ke4 Kxh4 58. Kxe5 Kg3 59. Kd4 Kf2 60. Kc3
Ke1 61. Kb2 Kd2 62. Ka1 Kc3 63. Kb1 Bd5 64. Ka1 Kb3 65. Kb1 Kxa3 66. Ka1 Kb4 67.
Kb1 Ka3 68. Ka1 Kb3 69. Kb1 a3 70. Ka1 {Game drawn by mutual agreement} 1/2-1/2

[Event "Team 45 45 League T64"]
[Site "Internet Chess Club"]
[Date "2015.03.29"]
[Round "4"]
[White "KidRattler"]
[Black "mindstorm"]
[Result "0-1"]
[WhiteElo "1443"]
[BlackElo "1530"]
[Opening "Sicilian: closed, 2...Nc6"]
[ECO "B23"]
[Time "18:02:22"]
[TimeControl "2700+45"]

1. e4 c5 2. Nc3 Nc6 3. d3 g6 4. f4 Bg7 5. Nf3 Nf6 6. h3 d5 7. e5 Nh5 8. Ne2 Bf8
9. g4 Ng7 10. Bg2 h5 11. Nh2 hxg4 12. Nxg4 Bxg4 13. hxg4 Rxh1+ 14. Bxh1 Qd7 15.
Nc3 e6 16. Bd2 Qe7 17. g5 Nf5 18. Nb5 a6 19. Nc3 Qc7 20. Bxd5 exd5 21. Nxd5 Qd8
22. Nf6+ Ke7 23. Ng8+ Kd7 24. Nf6+ Kc8 25. a4 Qd4 26. Ra3 Qg1+ 27. Ke2 Ncd4#
{White checkmated} 0-1

[Event "Team 45 45 League T64"]
[Site "Internet Chess Club"]
[Date "2015.03.27"]
[Round "4"]
[White "chessmaster5132"]
[Black "Just-Jim"]
[Result "1-0"]
[WhiteElo "1263"]
[BlackElo "1253"]
[Opening "King's pawn game"]
[ECO "C50"]
[Time "19:30:15"]
[TimeControl "2700+45"]

1. e4 e5 2. Nf3 Nc6 3. Bc4 h6 4. c3 Nf6 5. d4 Nxe4 6. dxe5 Bc5 7. Qd5 Qe7 8.
Qxe4 O-O 9. Bd3 f5 10. Qd5+ Kh8 11. O-O d6 12. g3 dxe5 13. Nh4 Kh7 14. g4 Qxh4
15. Qxc5 Qxg4+ 16. Kh1 Qf3+ 17. Kg1 Be6 18. Qe3 Qg4+ 19. Qg3 Qxg3+ 20. fxg3 Kh8
21. Be3 Ne7 22. Bc5 Rfe8 23. Bxe7 Rxe7 24. Bxf5 Bc4 25. Rf3 Rf8 26. Nd2 Bd5 27.
Rf2 Ref7 28. Raf1 c6 29. Be4 Rxf2 30. Rxf2 Rxf2 31. Kxf2 Bxa2 32. b3 Kg8 33. Ke1
Kf8 34. Kd1 Ke7 35. Kc2 Kd6 36. Kb2 Bxb3 37. Nxb3 Kc7 38. Na5 Kb6 39. Nc4+ Kc5
40. Nxe5 b5 41. Nxc6 g5 42. Nxa7 h5 43. Nxb5 Kxb5 44. h4 gxh4 45. gxh4 Kc4 46.
Bg6 Kd5 47. Bxh5 Ke5 48. Be8 Kf5 49. h5 Kg5 50. c4 Kf6 51. Bg6 Kg7 52. c5 Kf8
{Black resigns} 1-0

[Event "Team 45 45 League T64"]
[Site "Internet Chess Club"]
[Date "2015.03.30"]
[Round "4"]
[White "room-matt"]
[Black "Skeptic1972"]
[Result "0-1"]
[WhiteElo "1884"]
[BlackElo "1580"]
[Opening "French: classical, Steinitz variation"]
[ECO "C14"]
[Time "14:01:24"]
[TimeControl "2700+45"]

1. e4 e6 2. d4 d5 3. Nc3 Nf6 4. Bg5 Be7 5. e5 Nfd7 6. Bxe7 Qxe7 7. f4 a6 8. Nf3
c5 9. dxc5 Nxc5 10. g3 Nc6 11. a3 b5 12. Bg2 Bb7 13. O-O O-O-O 14. Nd4 f5 15.
Qd2 Ne4 16. Qe3 Qc5 17. Nxe4 dxe4 18. Nxf5 Qxe3+ 19. Nxe3 Nd4 20. Kh1 Nf5 21.
Nxf5 exf5 22. Rad1 h5 23. c3 h4 24. Kg1 hxg3 25. Rxd8+ Rxd8 26. hxg3 Rd2 27. Bh3
e3 28. Re1 g6 29. Rxe3 Rxb2 30. e6 Kd8 31. Rd3+ Ke8 32. Rd6 Rb3 33. Rb6 Bc8 34.
Rc6 Bb7 35. Rc7 Bd5 36. e7 Rxa3 37. g4 Be4 38. Kh2 Ra2+ 39. Kg3 Rd2 40. Kh4 Rd7
41. Rxd7 Kxd7 42. gxf5 gxf5 43. e8=Q+ Kxe8 44. Bf1 Ke7 45. Kg5 Kd6 46. Kf6 Kc5
47. Ke5 a5 48. Be2 Bc2 49. Bh5 a4 50. Bg6 a3 51. Bf7 Bb1 52. Be6 a2 53. Bxa2
Bxa2 54. Kxf5 Kc4 55. Ke5 Kxc3 56. f5 Bc4 57. f6 b4 {White resigns} 0-1

[Event "Team 45 45 League T64"]
[Site "Internet Chess Club"]
[Date "2015.03.28"]
[Round "4"]
[White "fireball"]
[Black "rayngrant"]
[Result "1-0"]
[WhiteElo "1588"]
[BlackElo "1528"]
[Opening "Vienna gambit"]
[ECO "C29"]
[Time "10:07:11"]
[TimeControl "2700+45"]

1. e4 e5 2. Nc3 Nf6 3. f4 d6 4. Bc4 Nc6 5. Nf3 Be7 6. O-O O-O 7. f5 Na5 8. Bb3
Nxb3 9. axb3 a6 10. d4 exd4 11. Qxd4 c5 12. Qf2 b5 13. Nd2 Bb7 14. Qe2 Re8 15.
Qd3 Qc7 16. Nd5 Nxd5 17. exd5 Bf6 18. c4 Re5 19. g4 Rae8 20. Qg3 Re3 21. Qf4 h6
22. Nf3 Rxb3 23. g5 Bxb2 24. Bxb2 Rxb2 25. gxh6 f6 26. Qg4 Re7 27. Nh4 Kh7 28.
Ng6 Rf7 29. hxg7 Rxg7 30. Qh4+ Kg8 31. Qxf6 Qd7 32. Qf8+ Kh7 33. Qh8# {Black
checkmated} 1-0

[Event "Team 45 45 League T64"]
[Site "Internet Chess Club"]
[Date "2015.03.27"]
[Round "4"]
[White "julesraider"]
[Black "nidusin2"]
[Result "0-1"]
[WhiteElo "1542"]
[BlackElo "1606"]
[Opening "Bogo-Indian defense"]
[ECO "E11"]
[Time "21:00:16"]
[TimeControl "2700+45"]

1. d4 Nf6 2. c4 e6 3. Nf3 Bb4+ 4. Bd2 Bxd2+ 5. Nbxd2 d5 6. e3 O-O 7. Qc2 Nc6 8.
a3 Re8 9. cxd5 exd5 10. Bd3 Bg4 11. O-O h6 12. b4 a6 13. Rac1 Rc8 14. Bxa6 Nxb4
15. axb4 bxa6 16. Ne5 c6 17. Qa4 Be2 18. Rfe1 Bb5 19. Qb3 Qe7 20. Nb1 Ne4 21.
Na3 Qd6 22. Nxb5 cxb5 23. Qb2 Qe6 24. Rc2 Rxc2 25. Qxc2 Rc8 26. Qb2 Nd6 27. Rc1
Rxc1+ 28. Qxc1 Nc4 29. Nd3 Qb6 30. Qc3 Kf8 31. Nf4 Qd6 32. Nd3 Ke7 33. Nc5 Qb6
34. Nb3 Qg6 35. h3 Qb1+ 36. Kh2 Qa2 37. Kg3 Qb1 38. Nc5 h5 39. Nd3 f6 40. Nf4
Qf5 41. Qa1 h4+ 42. Kh2 g5 43. Nxd5+ Qxd5 44. Qxa6 Qd6+ 45. Qxd6+ Kxd6 46. g3
Kd5 47. Kg2 Ke4 48. gxh4 gxh4 49. Kf1 Kf3 50. Kg1 Nd6 51. Kf1 f5 52. d5 f4 53.
exf4 Kxf4 54. Kg2 Ne4 55. f3 Nd6 56. Kf2 Nf5 57. Ke2 Kg3 58. f4 Kxh3 59. Kf3 Kh2
60. Kf2 h3 61. Kf3 Kg1 62. Ke4 h2 63. Kxf5 h1=Q 64. Ke6 Qe4+ 65. Kd6 Qxf4+ 66.
Kc6 Qxb4 67. d6 Qc4+ 68. Kd7 Kf2 69. Ke8 Qe6+ 70. Kd8 Qxd6+ 71. Kc8 Qe7 {White
resigns} 0-1

[Event "Team 45 45 League T64"]
[Site "Internet Chess Club"]
[Date "2015.03.27"]
[Round "4"]
[White "Insan996"]
[Black "Electryon"]
[Result "1-0"]
[WhiteElo "1578"]
[BlackElo "1435"]
[Opening "QGD: Orthodox defense, classical variation"]
[ECO "D69"]
[Time "22:18:49"]
[TimeControl "2700+45"]

1. d4 d5 2. c4 e6 3. Nc3 Nf6 4. Nf3 Be7 5. Bg5 O-O 6. e3 Nbd7 7. Rc1 c6 8. Bd3
dxc4 9. Bxc4 Nd5 10. Bxe7 Qxe7 11. O-O Nxc3 12. Rxc3 e5 13. dxe5 Nxe5 14. Be2
Rd8 15. Qc2 Bg4 16. Nxe5 Bxe2 17. Nxc6 bxc6 18. Qxe2 Rd6 19. Rd1 Rad8 20. Rcd3
h6 21. h3 Qe5 22. Rxd6 Rxd6 23. Rxd6 Qxd6 24. Qc2 Qd5 25. a3 a5 26. Qc3 Qb5 27.
b4 axb4 28. Qxb4 Qa6 29. e4 g6 30. e5 Qa7 31. Qd6 c5 32. Qd3 Kg7 33. Qb3 c4 34.
Qxc4 Qxa3 35. Qc7 Qa2 36. Qe7 Qa6 37. f4 Qb6+ 38. Kh2 Qc6 39. h4 h5 40. Qg5 f6
41. exf6+ Qxf6 42. Kh3 Qc3+ 43. Kh2 Qf6 44. Qe5 Kf7 45. Qxf6+ Kxf6 46. Kg3 Ke6
47. Kf3 Kf5 48. g3 Ke6 49. g4 Kf6 50. Kg3 Ke6 51. g5 Kf5 52. Kf3 Ke6 53. Ke4 Kf7
54. Kd5 Ke7 55. Ke5 Kf7 56. Kd6 Kg7 57. Ke7 Kg8 58. Kf6 Kh7 59. Kf7 Kh8 60. Kxg6
Kg8 61. Kxh5 Kg7 62. f5 Kf7 63. f6 Kg8 64. Kh6 Kf8 65. Kh7 Kf7 66. h5 Kf8 67. g6
{Black resigns} 1-0

[Event "Team 45 45 League T64"]
[Site "Internet Chess Club"]
[Date "2015.03.27"]
[Round "4"]
[White "otherook"]
[Black "frank001"]
[Result "0-1"]
[WhiteElo "1733"]
[BlackElo "1827"]
[Opening "Réti v Dutch"]
[ECO "A87"]
[Time "14:01:59"]
[TimeControl "2700+45"]

1. Nf3 f5 2. c4 Nf6 3. g3 g6 4. Bg2 Bg7 5. O-O O-O 6. Nc3 d6 7. d4 Qe8 8. d5 a5
9. Nd4 Na6 10. Ncb5 Bd7 11. Ne6 Bxe6 12. dxe6 c6 13. Nd4 Nc7 14. Qb3 Rb8 15. Qb6
Qc8 16. Qxa5 Ng4 17. e3 Nxe6 18. Nxe6 Qxe6 19. Qb4 Ne5 20. c5 d5 21. Rd1 Nd7 22.
Bd2 Qf7 23. Bc3 e5 24. a4 Kh8 25. a5 Rfe8 26. Qa3 Bf8 27. b4 Ra8 28. Qb2 Bg7 29.
Qd2 Nf6 30. f3 Bh6 31. Re1 d4 32. Bb2 Nd5 33. f4 dxe3 34. Bxd5 cxd5 35. Qxe3 d4
36. Qd3 Rad8 37. fxe5 Qd5 38. Rad1 Bg7 39. Qxd4 Qg8 40. Qf4 Qe6 41. Rd6 Qb3 42.
Qd4 Rc8 43. Qc3 Qa2 44. Ra1 Qf7 45. Qe3 Qe7 46. Re1 Rc6 47. Bd4 Rd8 48. Qc3 h6
49. Rxc6 bxc6 50. a6 Kh7 51. Ra1 Qd7 52. Rd1 Bxe5 53. Bxe5 Qxd1+ 54. Kg2 Rd2+
55. Kh3 Qf1+ 56. Kh4 Rxh2# {White checkmated} 0-1

[Event "Team 45 45 League T64"]
[Site "Internet Chess Club"]
[Date "2015.03.29"]
[Round "4"]
[White "kabindra"]
[Black "Jyzzslynggur"]
[Result "1-0"]
[WhiteElo "1842"]
[BlackElo "1699"]
[Opening "French: Rubinstein variation"]
[ECO "C03"]
[Time "17:00:17"]
[TimeControl "2700+45"]

1. e4 e6 2. d4 d5 3. Nd2 dxe4 4. Nxe4 Nd7 5. Be3 Ngf6 6. Nxf6+ Nxf6 7. Bd3 Nd5
8. Bd2 c5 9. dxc5 Bxc5 10. Nf3 Qb6 11. O-O h6 12. c3 Bd7 13. b4 Bd6 14. a4 a6
15. Re1 O-O 16. Ne5 Rfd8 17. Nc4 Qc7 18. Nxd6 Qxd6 19. Bc2 Bc6 20. Qg4 g5 21.
Qh5 Nf6 22. Qxh6 Qxd2 23. Qxf6 Qxc2 24. Re5 Rd1+ 25. Re1 Rxe1+ 26. Rxe1 Qd2 27.
Rf1 Qd5 28. f3 Qd8 29. Qe5 Bxa4 30. f4 Qd5 31. Qe3 Bc6 32. Qg3 Rd8 33. h4 Kf8
34. fxg5 Qa2 35. g6 f5 36. Qg5 Rd7 37. h5 Qd2 38. Qf6+ Kg8 39. Qxe6+ Kg7 40.
Qe5+ Kh6 41. Rf2 Qc1+ 42. Rf1 Qg5 43. Qh8+ Rh7 44. Qxh7# {Black checkmated} 1-0

[Event "Team 45 45 League T64"]
[Site "Internet Chess Club"]
[Date "2015.03.28"]
[Round "4"]
[White "kingphisch"]
[Black "isolani"]
[Result "0-1"]
[WhiteElo "1503"]
[BlackElo "1573"]
[Opening "Sicilian: closed, 2...Nc6"]
[ECO "B23"]
[Time "16:00:32"]
[TimeControl "2700+45"]

1. e4 c5 2. Nc3 Nc6 3. Nf3 g6 4. d3 Bg7 5. Be2 Nf6 6. O-O d6 7. Bd2 O-O 8. Rb1
Be6 9. Ng5 Bd7 10. Nd5 Nxd5 11. exd5 Nb4 12. Bxb4 cxb4 13. d4 Qa5 14. Bc4 Rac8
15. Bb3 Qb6 16. Nf3 Bg4 17. Re1 Rfe8 18. Qd3 Bxf3 19. Qxf3 Qxd4 20. Ba4 Rf8 21.
Bb3 Qf6 22. Re4 a5 23. Qxf6 Bxf6 24. Rc4 b5 25. Rxc8 Rxc8 26. c4 a4 27. Bd1 Rxc4
28. Be2 Rc5 29. Bf3 Bxb2 30. g3 Rc1+ 31. Rxc1 Bxc1 32. Be4 f5 33. Bb1 Kg7 34.
Kf1 Kf6 35. f4 g5 36. Ke2 gxf4 37. gxf4 Bxf4 38. h3 Ke5 39. Kf3 h6 40. Bc2 Bc1
41. Bb1 Kxd5 42. Bxf5 Kd4 43. Ke2 b3 44. axb3 a3 45. Bb1 Kc3 46. Kd1 Kb2 47. Ba2
b4 48. Ke2 Kxa2 {White resigns} 0-1

[Event "Team 45 45 League T64"]
[Site "Internet Chess Club"]
[Date "2015.03.27"]
[Round "4"]
[White "smsxman"]
[Black "PsyMar"]
[Result "1/2-1/2"]
[WhiteElo "1354"]
[BlackElo "1281"]
[Opening "Four knights: Schultze-Müller gambit"]
[ECO "C47"]
[Time "11:00:08"]
[TimeControl "2700+45"]

1. e4 e5 2. Nf3 Nc6 3. Nc3 Nf6 4. Nxe5 Nxe5 5. d4 Nc6 6. e5 Ng8 7. Bc4 d5 8.
exd6 Bxd6 9. O-O Nxd4 10. Re1+ Be6 11. Bxe6 Nxe6 12. Qg4 Nf6 13. Qa4+ Qd7 14.
Qb3 O-O 15. Qxb7 Nc5 16. Qf3 Rae8 17. Be3 Ng4 18. h3 Nxe3 19. fxe3 f5 20. Rad1
Kh8 21. Qd5 f4 22. Qxc5 Bxc5 23. Rxd7 fxe3 24. Rxc7 Bb6 25. Rc6 g6 26. Ne2 Rd8
27. c4 Ba5 28. Nc3 Rd3 29. Re6 Bxc3 30. bxc3 Rxc3 31. R6xe3 Rxc4 32. Ra3 Rc7 33.
Re4 Kg7 34. Ra6 Rff7 35. a4 Kh6 36. g4 Rfd7 37. h4 Rd2 38. Rf4 Kg7 39. g5 Rd1+
40. Kg2 Rd2+ 41. Kg3 Rc3+ 42. Rf3 Rc7 43. Rf4 Rc3+ 44. Rf3 Rc7 45. Rf4 {Game
drawn by repetition} 1/2-1/2

[Event "Team 45 45 League T64"]
[Site "Internet Chess Club"]
[Date "2015.03.30"]
[Round "4"]
[White "DeepGreen"]
[Black "Froggy"]
[Result "1/2-1/2"]
[WhiteElo "2019"]
[BlackElo "2074"]
[Opening "Pirc: classical system, 5.Be2"]
[ECO "B06"]
[Time "21:00:40"]
[TimeControl "2700+45"]

1. e4 g6 2. d4 Bg7 3. Nf3 d6 4. Nc3 Nf6 5. Be2 O-O 6. O-O c6 7. a4 Qc7 8. Bg5 e5
9. Re1 Re8 10. Bc4 Nbd7 11. Ba2 exd4 12. Nxd4 b6 13. Qd2 Bb7 14. f3 a6 15. Rad1
b5 16. Nde2 Bf8 17. Qf4 Be7 18. Nc1 b4 19. Nb1 Qb6+ 20. Kh1 d5 21. exd5 cxd5 22.
Nd3 Nh5 23. Qh4 Bxg5 24. Qxg5 Kg7 25. Qg4 Nhf6 26. Qxb4 Qxb4 27. Nxb4 Nc5 28. a5
Na4 29. Nd3 Rac8 30. Rxe8 Nxe8 31. c3 Nd6 32. Kg1 Nc4 33. b3 Ne3 34. Rc1 Nc5
{Game drawn by mutual agreement} 1/2-1/2

[Event "Team 45 45 League T64"]
[Site "Internet Chess Club"]
[Date "2015.03.27"]
[Round "4"]
[White "alo"]
[Black "RobertStephen"]
[Result "0-1"]
[WhiteElo "1845"]
[BlackElo "2014"]
[Opening "Caro-Kann: two knights, 3...Bg4"]
[ECO "B10"]
[Time "16:01:53"]
[TimeControl "2700+45"]

1. e4 c6 2. Nf3 d5 3. Nc3 Bg4 4. d4 dxe4 5. Nxe4 Bxf3 6. Qxf3 Qxd4 7. Bd3 Nd7 8.
O-O Ne5 9. Qe2 Nxd3 10. cxd3 e6 11. Be3 Qe5 12. f4 Qd5 13. Nc3 Qf5 14. g4 Qg6
15. f5 exf5 16. Rxf5 O-O-O 17. Bxa7 Nh6 18. h3 Nxf5 19. Na4 b5 20. Qf2 bxa4 21.
Qb6 h5 22. Rc1 Ne7 23. Rc4 Rxd3 24. Qb8+ Kd7 25. Qb7+ Ke8 26. Bb6 Qe6 27. Re4
Qxe4 28. Qb8+ Kd7 {White resigns} 0-1

[Event "Team 45 45 League T64"]
[Site "Internet Chess Club"]
[Date "2015.03.26"]
[Round "4"]
[White "jjimalo"]
[Black "Pason"]
[Result "1-0"]
[WhiteElo "1936"]
[BlackElo "1859"]
[Opening "Dutch defense"]
[ECO "A90"]
[Time "15:00:19"]
[TimeControl "2700+45"]

1. d4 e6 2. g3 f5 3. Bg2 Nf6 4. c4 d5 5. b3 c6 6. Nf3 Bd6 7. O-O Qe7 8. Nc3 O-O
9. c5 Bc7 10. b4 Ne4 11. Qc2 Nd7 12. a4 e5 13. dxe5 Nxe5 14. Nxe5 Bxe5 15. Bb2
Nxc3 16. Bxc3 f4 17. Ra2 Bf5 18. Qb3 Rae8 19. Rd2 fxg3 20. hxg3 Bxg3 21. fxg3
Qe3+ 22. Kh2 Re6 23. Rd4 g5 24. Rf3 Qxe2 25. Qd1 Rh6+ 26. Kg1 Qe8 27. g4 Bd7 28.
Rxf8+ Kxf8 29. Qf3+ Kg8 30. Rd1 Re6 31. Rf1 h6 32. Qf2 Qe7 33. Qd4 Qh7 34. Rf6
Rxf6 35. Qxf6 Bxg4 36. Qd8+ Kf7 37. Qc7+ Kg6 38. Qd6+ Kh5 39. Qg3 Qb1+ 40. Bf1
Qc2 41. Bd3 Qd1+ 42. Kg2 Be6 43. Qh2+ Kg4 44. Qh3+ Kf4 45. Qg3# {Black
checkmated} 1-0